AoeStats
← Zuckervisch

Arena

508091072Analyzed
2v2 RM · 11d ago on Sep 20, 2026· 58m 37s· 4 players
Game mode
Random Map
Map size
Medium (4 player)
Population
200
Speed
Normal
Resources
Standard
Victory
Conquest
Starting age
Dark Age
Ending age
Imperial Age
RankedLock teamsTeams togetherTeam positionsShared explorationLock speedFull tech treeHidden civsTurbo modeCheats
Victory
Defeat
🇪🇸 Saracens · Spain
1446
+13
🇦🇷 Slavs · Argentina
1389
+15
🇵🇱 Tatars · Poland
1380
-14
🇵🇱 Koreans · Poland
1375
-14
more
11:03 Feudal Age
15:12 Castle Age
13:03 Double-Bit Axe
14:07 Horse Collar
21:17 Town Watch
22:20 Wheelbarrow
24:49 Hand Cart
25:54 Loom
29:23 Imperial Age
27:02 Fletching
27:34 Bloodlines
27:25 Husbandry
27:47 Bodkin Arrow
27:50 Gold Mining
28:12 Bow Saw
28:17 Padded Archer Armor
29:29 Ballistics
29:51 Leather Archer Armor
30:12 Bracer
29:38 Light Cavalry
30:49 Scale Barding Armor
31:47 Chemistry
30:44 Heavy Cavalry Archer
32:40 Chain Barding Armor
34:58 Conscription
34:45 Hussar
37:14 Plate Barding Armor
37:39 Scale Mail Armor
40:37 Pikeman
40:43 Heavy Camel Rider
42:46 Ring Archer Armor
44:05 Heavy Camel Rider
46:12 Forging
Zuckervisch
10:11 Feudal Age
14:35 Castle Age
12:55 Double-Bit Axe
15:51 Bow Saw
19:07 Loom
24:05 Horse Collar
26:41 Wheelbarrow
30:03 Imperial Age
28:07 Scale Mail Armor
27:54 Gambesons
28:28 Pikeman
29:28 Chain Mail Armor
29:12 Gold Mining
29:43 Squires
30:36 Hand Cart
30:35 Forging
31:26 Plate Mail Armor
32:29 Chemistry
31:46 Halberdier
33:28 Conscription
38:31 Iron Casting
43:46 Two-Man Saw
47:42 Scale Barding Armor
47:28 Fletching
51:55 Heavy Rocket Cart
54:22 Siege Engineers
54:53 Eupseong
zhengyifan2003
10:31 Feudal Age
14:38 Castle Age
12:43 Double-Bit Axe
12:53 Horse Collar
15:50 Bow Saw
16:26 Heavy Plow
16:50 Loom
21:15 Wheelbarrow
22:12 Hand Cart
22:56 Town Watch
28:46 Imperial Age
26:25 Gold Mining
26:26 Stone Mining
27:05 Fortified Wall
26:37 Treadmill Crane
27:42 Gold Shaft Mining
28:57 Onager
29:49 Siege Engineers
31:01 Conscription
30:36 Siege Onager
32:24 Bimaristan
32:26 Counterweights
32:39 Masonry
32:35 Town Patrol
33:00 Scale Barding Armor
33:51 Forging
34:01 Chain Barding Armor
34:34 Hoardings
33:30 Heavy Camel Rider
34:20 Bloodlines
34:40 Husbandry
35:43 Iron Casting
36:32 Ballistics
37:14 Chemistry
36:58 Plate Barding Armor
38:51 Blast Furnace
42:42 Fletching
42:52 Padded Archer Armor
45:14 Ballistics
45:03 Elite Mameluke
46:28 Bodkin Arrow
46:37 Light Cavalry
52:52 Hussar
GGINDU
11:02 Feudal Age
15:06 Castle Age
13:47 Double-Bit Axe
16:31 Bow Saw
16:38 Loom
24:28 Detinets
29:40 Horse Collar
33:46 Imperial Age
32:16 Stone Mining
32:23 Gold Mining
33:49 Fletching
35:51 Bodkin Arrow
37:10 Onager
37:43 Man-at-Arms
40:14 Wheelbarrow
41:38 Long Swordsman
44:20 Elite Boyar
44:47 Two-Handed Swordsman
45:39 Elite Skirmisher
48:29 Padded Archer Armor
57:40 Chemistry
57:06 Ballistics
57:17 Leather Archer Armor
Connection lost

Rejoining the realm…

Still unreachable

The connection could not be restored.

Session expired

The server has moved on; the page needs a fresh start.